 Dungeon Crawl Stone Soup version 0.26.1-11-gd32895ea62 (webtiles) character file.

Game seed: 5640363358889306348

64 Urokeeper the Sneak (level 3, -3/27 HPs)
             Began as a Vampire Brigand on July 22, 2021.
             Killed by divine providence
             ... invoked by an orc priest
              (13 damage)
             ... on level 2 of the Dungeon.
             The game lasted 00:13:27 (1881 turns).

Urokeeper the Sneak (Vampire Brigand)               Turns: 1881, Time: 00:13:28

Health: -3/27      AC:  6    Str: 10    XL:     3   Next: 91%
Magic:  3/3        EV: 10    Int: 13    God:
Gold:   115        SH:  0    Dex: 16    Spells: 2/2 levels left

rFire    + . .     SeeInvis +   a - +2 dagger
rCold    . . .     Faith    .   (no shield)
rNeg     . . .     Spirit   .   o - +0 ring mail
rPois    .         Reflect  .   (no helmet)
rElec    .         Harm     .   c - +0 cloak
rCorr    .         Rampage  .   (no gloves)
Will     .....                  (no boots)
Stlth    +++.......             (no amulet)
HPRegen  0.29/turn              h - ring of protection from fire
MPRegen  0.08/turn              (no ring)

@: regenerating quickly
A: fangs 3, see invisible, unbreathing
a: Exsanguinate


You were on level 2 of the Dungeon.
You visited 1 branch of the dungeon, and saw 2 of its levels.

You collected 115 gold pieces.

Inventory:

Hand Weapons
 a - a +2 dagger (weapon)
 g - a +0 short sword
Missiles
 d - 19 poisoned darts (quivered)
 e - 2 curare-tipped darts
 k - 8 silver javelins
 s - 4 boomerangs
 u - 24 arrows
 v - 28 bolts
Armour
 b - a +0 robe
 c - a +0 cloak (worn)
 o - a +0 ring mail (worn)
 p - a +0 scale mail
Jewellery
 h - a ring of protection from fire (left hand)
Scrolls
 f - 4 scrolls of teleportation {unknown}
 i - a scroll of identify {unknown}
 m - 2 scrolls of noise {unknown}
 q - 2 scrolls of enchant armour {unknown}
 w - a scroll of magic mapping {unknown}
Potions
 l - a potion of heal wounds {unknown}
 n - a potion of lignification {unknown}
 r - a potion of resistance {unknown}
 t - a potion of flight {unknown}


   Skills:
 + Level 1.9 Fighting
 + Level 3.0 Short Blades
 + Level 1.6 Throwing
 + Level 0.3 Armour
 + Level 1.5 Dodging
 + Level 7.3 Stealth


You had 2 spell levels left.
You didn't know any spells.
Your spell library was empty.

Dungeon Overview and Level Annotations

Branches:
Dungeon (2/15)

Altars:


Innate Abilities, Weirdness & Mutations

Your natural rate of healing is unusually fast.
You have razor-sharp teeth.
You have supernaturally acute eyesight. (SInv)
You can survive without breathing.


Message History

You barely miss the orc priest.
The orc priest hits you but does no damage.
Okay, then.
It was a potion of curing.
You feel better.
The orc priest looks encouraged for a moment.
You feel better.
The orc priest invokes the aid of Beogh against you.
Beogh smites you!
You hit the orc priest.
The orc priest is lightly wounded.
The orc priest hits you but does no damage.
You hit the orc priest.
The orc priest is heavily wounded.
The orc priest barely misses you.
You barely miss the orc priest.
You bite the orc priest, but do no damage.
The orc priest is heavily wounded.
The orc priest calls down the wrath of Beogh upon you.
Beogh smites you!
You die...

. ###.# #.. #.# .. #### #.# .#
#........ #.#
.##.........###### #.#
.#ooo............# #.#
.#⌠.....o.... #.# #.# .#
..o..... #.# #.# .# .......#
#@# #.# .##
....o..####o#######.#####
..#########ooo.........>.....##
#............###.###########..#
#.........#..# #≈..≈≈≈...≈..≈.#
#.#####...#..# #.≈≈≈≈.≈≈≈.≈.≈.#
#.# #...#..###≈≈≈≈≈≈≈≈≈≈≈...#
..# #..........≈≈≈≈≈≈≈≈≈≈≈..#
#.# #.###.####≈.≈≈≈≈≈≈≈≈≈...#


You could see an orc priest.

Vanquished Creatures
  2 adders (D:2)
  An ooze (D:1)
  A dart slug (D:1)
  A leopard gecko (D:2)
  3 orcs (D:2)
  5 bats
  A giant cockroach (D:1)
  3 goblins
  2 hobgoblins
  2 jackals (D:1)
  7 kobolds (D:1)
  3 frilled lizards
  7 rats
38 creatures vanquished.

Vanquished Creatures (others)
  A plant (D:2)
1 creature vanquished.

Grand Total: 39 creatures vanquished

Notes
Turn   | Place    | Note
-------+----------+-------------------------------------------
     0 | D:1      | Urokeeper the Vampire Brigand began the quest for the Orb.
     0 | D:1      | Reached XP level 1. HP: 16/16 MP: 1/1
    63 | D:1      | Reached skill level 6 in Stealth
   246 | D:1      | Reached XP level 2. HP: 22/22 MP: 2/2
   523 | D:1      | Reached skill level 7 in Stealth
  1161 | D:2      | Reached XP level 3. HP: 27/27 MP: 3/3
  1597 | D:2      | Found a faded altar of an unknown god.
  1881 | D:2      | Killed from afar by an orc priest

Illustrated notes

Levels and vault maps discovered:
D:1:      nicolae_arrival_somewhat_less_tricky_arrival, layout_basic,
          minmay_pentomino_x4
D:2:      cheibrodos_pilgrimage, layout_loops_ring, serial_forest,
          infiniplex_forest_lined_4_way, infiniplex_forest_clump_curved,
          infiniplex_forest_straight_2, infiniplex_forest_lined_room_,
          infiniplex_forest_lined_3_way, infiniplex_forest_clump_tiny,
          infiniplex_forest_end_3, infiniplex_forest_straight_2,
          chequers_ecumenical_altar_island, okawaru_metal_pillars_1_2

Skill      XL: |  1  2  3 |
---------------+----------+-----
Stealth        | 6 7 |  7.3
Short Blades   | 3 |  3.0
Fighting       | |  1.9
Throwing       | |  1.6
Armour         | |  0.3
Dodging        | |  1.5

Action                   || total
-------------------------++-------
Melee: Dagger            ||   137
       Bite              ||    14
  Use: Potion            ||     2
 Stab: Sleeping          ||     7
       Distracted        ||     1
Armor: Robe              ||    30
       Ring mail         ||    16
Dodge: Dodged            ||    70
